 Dungeon Crawl Stone Soup version 0.31-a0-846-gb3bcc0d938 (webtiles) character file.

Game seed: 18312261020975374853

208 Nedwor the Cutter (level 5, -4/41 HPs)
             Began as a Demonspawn Gladiator on Oct 4, 2023.
             Slain by an orc
             ... wielding a +0 short sword
              (5 damage)
             ... on level 5 of the Dungeon.
             The game lasted 00:06:22 (3267 turns).

Nedwor the Cutter (Demonspawn Gladiator)            Turns: 3267, Time: 00:06:23

Health: -4/41      AC: 10    Str: 14    XL:     5   Next: 55%
Magic:  5/5        EV: 12    Int: 10    God:
Gold:   186        SH:  0    Dex: 16    Spells: 4/4 levels left

rFire   . . .        a - +0 rapier
rCold   . . .        g - +0 buckler
rNeg    . . .        b - +0 leather armour
rPois   .            i - +0 helmet
rElec   .            r - +0 cloak
rCorr   .            (no gloves)
SInv    .            j - +0 pair of boots
Will    .....        (no amulet)
Stlth   +            p - +4 ring of protection
HPRegen 0.26/turn    (no ring)
MPRegen 0.09/turn

%: no passive effects
@: confused
A: powered by death 2, weakness stinger 1
a: no special abilities


You were on level 5 of the Dungeon.
You visited 1 branch of the dungeon, and saw 5 of its levels.

You collected 186 gold pieces.

Inventory:

Hand Weapons
 a - a +0 rapier (weapon)
Missiles
 d - 3 throwing nets (quivered)
 e - a javelin
Armour
 b - a +0 leather armour (worn)
 g - a +0 buckler (worn)
 i - a +0 helmet (worn)
 j - a +0 pair of boots (worn)
 r - a +0 cloak (worn)
Jewellery
 m - a ring of wizardry
 p - a +4 ring of protection (left hand)
Wands
 c - a wand of flame (10)
Scrolls
 s - a scroll of enchant weapon {unknown}
 t - a scroll of torment {unknown}
Potions
 f - a potion of might
 h - 3 potions of curing {unknown}
 k - 2 potions of brilliance {unknown}
 l - a potion of heal wounds {unknown}
 n - a potion of mutation {unknown}
 o - a potion of attraction {unknown}
 q - a potion of haste {unknown}
 u - a potion of degeneration {unknown}


   Skills:
 + Level 3.3 Fighting
 * Level 4.5 Short Blades
 - Level 1.7 Throwing
 + Level 3.7 Dodging


You had 4 spell levels left.
You didn't know any spells.
Your spell library contained the following spells:

 Spells                   Type           Power      Damage    Failure   Level
 Inner Flame              Hex/Fire       0%         N/A       89%         3
 Yara's Violent Unravell  Hex/Tmut       0%         3d3       100%        5
 Enfeeble                 Hex            0%         N/A       100%        7


Dungeon Overview and Level Annotations

Branches:
Dungeon (5/15)
 Temple: D:4-7

Altars:
Nemelex Xobeh

Shops:
D:3 *

Portals:
Abyss: D:4

Annotations:
D:4 2 transporters, Descartes's ghost, amateur FeSh


Innate Abilities, Weirdness & Mutations

You regenerate health from kills.
You have a small tail.


Message History

The orc attacks as it pursues you! The orc barely misses you.
You hit something. You block the orc's attack. Something hits you.
The orc hits you with a +0 mace.
You hit something but do no damage. You block the orc's attack.
Something hits you but does no damage. x2; The orc completely misses you.
You hit something. The orc misses you. Something hits you.
The orc closely misses you. Something hits you.
You closely miss something. The orc barely misses you.
Something barely misses you.
You hear some strange, mumbled words.
A magic dart appears from out of thin air!
The magic dart hits you. The orc hits you with a +0 mace.
You barely miss something. The orc barely misses you.
Something hits you but does no damage. x2; You block the orc's attack.
You hit something but do no damage. The orc misses you.
Something hits you but does no damage. Something hits you.
The orc hits you with a +0 mace.
* * * LOW HITPOINT WARNING * * *
You closely miss something. The orc hits you with a +0 short sword.
* * * LOW HITPOINT WARNING * * *
Something hits you but does no damage. The orc closely misses you.
Something hits you.
* * * LOW HITPOINT WARNING * * *
You miss something.
Your tail-slap misses something.
The orc barely misses you.
You hear some strange, mumbled words.
You are confused.
Something hits you.
* * * LOW HITPOINT WARNING * * *
The orc hits you but does no damage.
You completely miss something. The orc barely misses you.
Something hits you but does no damage. x2; The orc barely misses you.
You barely miss the orc.
The orc is lightly wounded.
The orc misses you. Something hits you.
* * * LOW HITPOINT WARNING * * *
Something hits you.
* * * LOW HITPOINT WARNING * * *
The orc hits you but does no damage.
You bump into the rock wall.
The orc hits you with a +0 short sword.
You die...

### #### ##.######## ##..###
#.....#...## ## #.....##
##o.........# .# #......####
#@oo#..##..###
.#####<......###{{###o......#
..####.......#.....###o.....#
..#.....####...##...##......#
..........##..#####.##......#
...#..........# ..###...##
.##......>....# (.#......$#
.###......>.... ......#....#
.##.............
.......##....#


You could see 3 orcs.

Vanquished Creatures
  2 hounds (D:4)
  An orc priest (D:4)
  An orc wizard (D:4)
  Robin (D:3)
  An adder (D:3)
  2 dart slugs
  3 orcs
  4 endoplasms
  2 giant cockroaches (D:3)
  12 goblins
  6 hobgoblins
  3 jackals (D:2)
  A kobold (D:1)
  4 quokkas
  7 ball pythons
  4 bats
  4 frilled lizards
  4 rats (D:1)
62 creatures vanquished.

Notes
Turn   | Place    | Note
-------+----------+-------------------------------------------
     0 | D:1      | Nedwor the Demonspawn Gladiator began the quest for the
                  | Orb.
     0 | D:1      | Reached XP level 1. HP: 16/16 MP: 1/1
   130 | D:1      | Reached skill level 3 in Short Blades
   130 | D:1      | Gained mutation: You regenerate a little health from kills.
                  | [demonic ancestry]
   130 | D:1      | Reached XP level 2. HP: 21/22 MP: 2/2
   553 | D:2      | Noticed Robin
   660 | D:3      | Killed Robin
   661 | D:3      | Reached XP level 3. HP: 20/28 MP: 3/3
  1924 | D:3      | Gained mutation: You regenerate health from kills. [demonic
                  | ancestry]
  1924 | D:3      | Reached XP level 4. HP: 34/34 MP: 4/4
  1974 | D:3      | Found Foasedoo's Assorted Antiques.
  2029 | D:3      | Found a sparkling altar of Nemelex Xobeh.
  2404 | D:4      | Reached skill level 4 in Short Blades
  2514 | D:4      | Found a one-way gate to the infinite horrors of the Abyss.
  2514 | D:4      | Noticed Descartes's ghost (amateur FeSh)
  2554 | D:4      | Gained mutation: You have a small tail. [demonic ancestry]
  2554 | D:4      | Reached XP level 5. HP: 4/41 MP: 5/5
  2728 | D:4      | Noticed a small abomination
  3003 | D:4      | Found a transporter.
  3003 | D:4      | Found a transporter.
  3046 | D:4      | Noticed a toenail golem
  3194 | D:5      | Entered Level 5 of the Dungeon
  3266 | D:5      | HP: 2/41 [something (4)]
  3267 | D:5      | Slain by an orc

Illustrated notes

Levels and vault maps discovered:
D:1:      nicolae_arrival_escape_room, layout_rooms
D:2:      layout_basic, uniq_robin
D:3:      layout_basic, mainiacjoe_overflow_paths, serial_shops,
          nicolae_shop_competitors_out_of_business
D:4:      layout_gridville, gammafunk_ghost_abyssal_escape
D:5:      layout_cave_pools, mainiacjoe_overflow_catwalk, okawaru_gym_becter,
          nicolae_overflow_hidden_temple, tso_oasis_becter, temple_hall,
          uniq_crazy_yiuf_cottage

Skill      XL: |  1  2  3  4 |
---------------+-------------+-----
Short Blades   | 3 4 |  4.5
Dodging        | 3 |  3.7
Fighting       | 3 |  3.3
Throwing       | |  1.7

Action                     |  1- 3 |  4- 6 || total
---------------------------+-------+-------++-------
  Melee: Rapier            |   151 |    94 ||   245
         Tailslap          |       |     6 ||     6
  Throw: Throwing net      |     1 |       ||     1
    Use: Scroll            |     6 |       ||     6
         Potion            |       |     1 ||     1
   Stab: Sleeping          |     1 |     1 ||     2
 Armour: Leather armour    |    80 |    95 ||   175
  Dodge: Dodged            |   134 |    53 ||   187
  Block: Buckler           |       |     6 ||     6

Table legend: (Time is in decaauts)
 A = Elapsed time spent in this place.
 B = Non-inter-level travel time spent in this place.
 C = Inter-level travel time spent in this place.
 D = Time resting spent in this place.
 E = Time spent auto-exploring this place.
 F = Levels seen in this place.
 G = Mean time per level.
                   A        B        C        D        E       F      G
               +--------+--------+--------+--------+--------+-----+--------+
         Total |   3276 |   3105 |    171 |    368 |   2078 |   5 |  655.2 |
       Dungeon |   3276 |   3105 |    171 |    368 |   2078 |   5 |  655.2 |
               +--------+--------+--------+--------+--------+-----+--------+

Top non-repeatable levels by time:
     D:2: 1048 daAuts
     D:3: 822 daAuts
     D:4: 821 daAuts
     D:1: 512 daAuts
     D:5: 73 daAuts
